 Dungeon Crawl Stone Soup version 0.19.1 (webtiles) character file.

119 empire the Magician (level 4, -9/24 HPs)
             Began as a Deep Elf Air Elementalist on Dec 16, 2016.
             Killed by divine providence
             ... invoked by an orc priest
              (15 damage)
             ... on level 3 of the Dungeon.
             The game lasted 00:08:28 (3541 turns).

empire the Magician (Deep Elf Air Elementalist)     Turns: 3541, Time: 00:08:28

Health: -9/24      AC:  3    Str:  7    XL:     4   Next: 73%
Magic:  8/12       EV: 13    Int: 25    God:
Gold:   162        SH:  4    Dex: 15    Spells: 3 memorised, 5 levels left

rFire  . . .     SeeInvis .     a - +0 dagger
rCold  . . .     Gourm    .     n - +1 robe
rNeg   . . .     Faith    .     (no shield)
rPois  .         Spirit   .     (no helmet)
rElec  .         Reflect  +     (no cloak)
rCorr  .         Harm     .     (no gloves)
MR     .....                    (no boots)
Stlth  ++........               e - +4 amulet of reflection
                                t - +4 ring of intelligence
                                l - +2 ring of strength

@: swift, quick
A: no striking features
a: no special abilities


You were on level 3 of the Dungeon.
You were not hungry.

You visited 1 branch of the dungeon, and saw 3 of its levels.

You collected 162 gold pieces.

Inventory:

Hand Weapons
 a - a +0 dagger (weapon)
Missiles
 d - 46 arrows
 f - 8 poisoned needles
 o - 23 bolts
Armour
 n - a +1 robe (worn)
Jewellery
 e - a +4 amulet of reflection (around neck)
 g - an uncursed ring of ice {unknown}
 l - a +2 ring of strength (left hand)
 t - a +4 ring of intelligence (right hand)
 v - an uncursed amulet of harm {unknown}
Wands
 p - a wand of confusion (42/48)
Scrolls
 q - 2 scrolls of enchant weapon
 r - a scroll of fog {unknown}
 x - a scroll of recharging
 y - a scroll of teleportation {unknown}
Potions
 h - a potion of might
 i - a potion of flight
 j - a potion of mutation {unknown}
 m - a potion of haste {unknown}
 w - a potion of curing
Books
 b - a book of Air

   Spells                             Type                      Level
   a - Shock                          Conjuration/Air              1
   b - Swiftness                      Charms/Air                   2
   c - Repel Missiles                 Charms/Air                   2
   d - Static Discharge               Conjuration/Air              3
   e - Lightning Bolt                 Conjuration/Air              5
 s - a book of Misfortune

   Spells                             Type                      Level
   a - Confusing Touch                Hexes                        1
   b - Confuse                        Hexes                        3
   c - Gell's Gravitas                Hexes/Translocation          3
   d - Petrify                        Transmutation/Earth          4
   e - Metabolic Englaciation         Hexes/Ice                    5
   f - Yara's Violent Unravelling     Hexes/Transmutation          5
Comestibles
 c - a bread ration
 k - 2 beef jerkies
 u - 2 meat rations


   Skills:
 - Level 2.4 Dodging
 - Level 2.4 Stealth
 + Level 4.2 Spellcasting
 * Level 2.6 Conjurations
 * Level 1.3 Hexes
 * Level 2.6 Charms
 + Level 3.6 Air Magic


You had 5 spell levels left.
You knew the following spells:

 Your Spells              Type           Power        Failure   Level  Hunger
a - Shock                 Conj/Air       ###.         2%          1    None
b - Swiftness             Chrm/Air       ###.....     4%          2    None
c - Confuse               Hex            ##......     17%         3    ##.....


Dungeon Overview and Level Annotations

Branches:
Dungeon (3/15)

Altars:
Ashenzari
Dithmenos
Kikubaaqudgha
Vehumet


Message History

The orc hits you with a falchion.
The orc priest miscasts a cantrip.
The orc priest looks encouraged for a moment.
The orc closely misses you.
There is a stone staircase leading up here.
Casting: Shock
Confirm with . or Enter, or press ? or * to list all spells.
Okay, then.
Casting: Shock
Confirm with . or Enter, or press ? or * to list all spells.
You feel quick. The orc hits you with a falchion.
* * * LOW HITPOINT WARNING * * *
The orc priest misses you.
The orc priest calls upon Beogh to heal the orc priest.
The orc priest's wounds heal themselves!
You open the door.
The orc priest calls down the wrath of Beogh upon you.
Beogh smites you!
Ouch! That really hurt!
You die...

#.......#.#.#.##.########.#
#.......#.#....#.# #.#
#.......#........# #.#
####.#######...### #.# #.# ##.##
#.# #####.# #.# #.# #.....# #.#
#.# #.##### ##'## #.# #.# ###
##.@.## #.### ##.####.# ##.....##
###...# #...#♣._####...o...##
##.###.#
##...'...8##.........####...##.##
.....#♣._##'...oo....'..........#
##...###.###.........####.....#.#
#.##.#### ##..<....## ##.#....#
#.##..# ##.....## ###.####
#.##..# ##...## #.#


You could see 2 orc priests and an orc.

Vanquished Creatures
  5 adders
  2 worms
  2 dart slugs (D:1)
  2 orcs (D:3)
  A ball python (D:2)
  7 bats
  3 giant cockroaches
  5 goblins
  5 hobgoblins
  8 jackals
  2 frilled lizards
  12 kobolds
  3 rats (D:1)
57 creatures vanquished.

Vanquished Creatures (others)
  A human (D:2)
  A plant (D:3)
2 creatures vanquished.

Grand Total: 59 creatures vanquished

Notes
Turn   | Place    | Note
-------+----------+-------------------------------------------
     0 | D:1      | empire the Deep Elf Air Elementalist began the quest for the Orb.
     0 | D:1      | Reached XP level 1. HP: 10/10 MP: 6/6
   307 | D:1      | Reached XP level 2. HP: 12/15 MP: 5/8
   926 | D:1      | Reached XP level 3. HP: 17/19 MP: 5/10
  1642 | D:2      | Reached skill level 4 in Spellcasting
  1781 | D:2      | Learned a level 2 spell: Swiftness
  2083 | D:2      | Reached skill level 1 in Charms
  2083 | D:2      | Reached XP level 4. HP: 9/24 MP: 2/12
  2340 | D:2      | Learned a level 3 spell: Confuse
  2445 | D:2      | Reached skill level 1 in Hexes
  2668 | D:2      | Found an ancient bone altar of Kikubaaqudgha.
  2670 | D:2      | Noticed a human
  2671 | D:2      | Killed a human
  3069 | D:3      | Found a radiant altar of Vehumet.
  3077 | D:3      | Found a shadowy altar of Dithmenos.
  3410 | D:3      | Found a shattered altar of Ashenzari.
  3411 | D:3      | Found an ancient bone altar of Kikubaaqudgha.
  3541 | D:3      | Killed from afar by an orc priest

Skill      XL: |  1  2  3  4 |
---------------+-------------+-----
Conjurations   | 2 |  2.6
Spellcasting   | 4 |  4.2
Charms         | 1 2 |  2.6
Hexes          | 1 |  1.3
Dodging        | |  2.4
Stealth        | |  2.4
Air Magic      | |  3.6

Action                   |  1- 3 |  4- 6 || total
-------------------------+-------+-------++-------
Melee: Dagger            |    26 |     5 ||    31
 Cast: Shock             |    70 |    42 ||   112
       Swiftness         |       |     1 ||     1
  Use: Scroll            |       |    12 ||    12
 Stab: Sleeping          |       |     1 ||     1
  Eat: Chunk             |     3 |     5 ||     8
Armor: Robe              |     7 |     3 ||    10
Dodge: Dodged            |    42 |    12 ||    54
Block: Other             |    15 |     7 ||    22
       Reflection        |       |     1 ||     1
